 Dungeon Crawl Stone Soup version 0.24-a0-368-g0e0cebd0f3 (webtiles) character file.

Game seed: 8565541579363234751

24 MrOobling the Scratcher (level 2, 0/12 HPs)
             Began as a Felid Transmuter on May 28, 2019.
             Slain by a leopard gecko (4 damage)
             ... on level 1 of the Dungeon.
             The game lasted 00:05:56 (1292 turns).

MrOobling the Scratcher (Felid Transmuter)          Turns: 1292, Time: 00:05:57

Health: 0/12       AC:  1    Str:  6    XL:     2   Next: 79%
Magic:  6/6        EV: 18    Int: 14    God:
Gold:   33         SH:  0    Dex: 16    Spells: 2/5 levels left
                                        Lives:  0   Deaths: 0

rFire    . . .     SeeInvis +     - Unarmed
rCold    . . .     Gourm    .   (shield unavailable)
rNeg     . . .     Faith    .   (armour unavailable)
rPois    .         Spirit   .   (helmet unavailable)
rElec    .         Reflect  .   (cloak unavailable)
rCorr    .         Harm     .   (gloves unavailable)
MR       .....                  (boots unavailable)
Stlth    ++........             (no amulet)
HPRegen  0.04/turn              (no ring)
MPRegen  0.10/turn              (no ring)

@: quick
A: very small, no armour, no weapons or thrown items, stealth, claws 1, fangs 3,
see invisible, carnivore, speed 1, shaggy fur 1, slow metabolism 1, sharp paws
a: no special abilities


You were on level 1 of the Dungeon.
You were completely stuffed.

You visited 1 branch of the dungeon, and saw 2 of its levels.

You collected 33 gold pieces.

Inventory:

Missiles
 a - 27 arrows
Scrolls
 b - a scroll of magic mapping {unknown}
 e - a scroll of remove curse {unknown}
 f - a scroll of random uselessness {unknown}
 g - a scroll of teleportation {unknown}
Potions
 d - a potion of berserk rage {unknown}
Comestibles
 c - 2 rations


   Skills:
 + Level 1.3 Fighting
 + Level 3.0 Dodging
 + Level 1.2 Stealth
 * Level 3.4 Unarmed Combat
 - Level 2.0 Spellcasting
 + Level 2.5 Transmutations


You had 2 spell levels left.
You knew the following spells:

 Your Spells              Type           Power        Failure   Level  Hunger
a - Beastly Appendage     Tmut           #.....       9%          1    ##.....
b - Sticks to Snakes      Tmut           #.......     12%         2    ###....

Your spell library contained the following spells:

 Spells                   Type           Power        Failure   Level  Hunger
 Spider Form              Tmut/Pois      #.........   38%         3    ####...
 Ice Form                 Ice/Tmut       #.......     80%         4    #####..
 Blade Hands              Tmut           #.........   92%         5    ######.


Dungeon Overview and Level Annotations

Branches:
Dungeon (2/15)

Altars:


Innate Abilities, Weirdness & Mutations

You cannot wear armour.
You are incapable of wielding weapons or throwing items.
Your paws allow you to move quietly. (Stealth)
You have sharp claws.
You have razor-sharp teeth.
You have supernaturally acute eyesight. (SInv)
You are carnivorous and can eat meat at any time.
You cover ground quickly.
You are covered in fur. (AC +1)
You have a slow metabolism.
Your sharp claws are effective at attacking unaware monsters.


Message History

You scratch the leopard gecko but do no damage.
The leopard gecko closely misses you.
You closely miss the leopard gecko.
The leopard gecko completely misses you.
You miss the leopard gecko. The leopard gecko bites you.
You closely miss the leopard gecko. The leopard gecko bites you.
You are too injured to fight recklessly!
You are too injured to fight recklessly!
You are too injured to fight recklessly!
You are too injured to fight recklessly!
You are too injured to fight recklessly!
You are too injured to fight recklessly!
You are too injured to fight recklessly!
You are too injured to fight recklessly!
You are too injured to fight recklessly!
You closely miss the leopard gecko. The leopard gecko barely misses you.
You scratch the leopard gecko.
The leopard gecko is severely wounded.
The leopard gecko bites you.
You die...

.#.# #.# #...+..###....#
.#.#
#.#########......##.###
.#.#
#....(....#...#####.รท..
.#.# #########.#...#
###....
.#.################.#...#
#...(..
#...............##.#...#
#......
###############)##.#...#
#..(... #.##.#...#
#...... #@##.##.##
#......
#l##.##.####......
#.##.....)........
#.#####.####...... #.#
#.# #...... #.# #.#
#####+# ##'#####'## #.#
#.........# #.#
#.g...[...# #.#


You could see a leopard gecko.

Vanquished Creatures
  A dart slug (D:1)
  2 giant cockroaches (D:1)
  3 goblins (D:1)
  4 hobgoblins (D:1)
  3 bats (D:1)
  3 kobolds (D:1)
  5 rats (D:1)
21 creatures vanquished.

Notes
Turn   | Place    | Note
-------+----------+-------------------------------------------
     0 | D:1      | MrOobling the Felid Transmuter began the quest for the Orb.
     0 | D:1      | Reached XP level 1. HP: 9/9 MP: 4/4
   365 | D:1      | Reached XP level 2. HP: 12/12 MP: 6/6
   369 | D:1      | Learned a level 2 spell: Sticks to Snakes
   626 | D:1      | Reached skill level 1 in Stealth
  1292 | D:1      | Slain by a leopard gecko

Levels and vault maps discovered:
D:1:      zaba_arrival_water, layout_basic, minmay_tetromino_l2
D:2:      layout_loops_ring, lemuel_round_altar, bloody_trog,
          grunt_decor_one_mirror

Skill      XL: |  1  2 |
---------------+-------+-----
Stealth        | 1 |  1.2
Dodging        | 3 |  3.0
Fighting       | |  1.3
Unarmed Combat | |  3.4
Spellcasting   | |  2.0
Transmutations | |  2.5

Action                   || total
-------------------------++-------
Melee: Unarmed           ||    58
       Bite              ||     3
 Stab: Sleeping          ||     3
  Eat: Chunk             ||     8
Armor: Skin              ||     3
Dodge: Dodged            ||    36

Table legend:
 A = Non-vault XP
 B = Vault XP
 C = Vault XP percentage of total XP
 D = Non-vault monster count
 E = Vault monster count
 F = Vault count percentage of total count
                 A         B        C        D         E       F
            +---------+---------+-------+---------+---------+-------
      Total |      32 |       3 |   8.6 |      19 |       2 |   9.5
            +---------+---------+-------+---------+---------+-------
        D:1 |      32 |       3 |   8.6 |      19 |       2 |   9.5
            +---------+---------+-------+---------+---------+-------
